 Dungeon Crawl Stone Soup version 0.27-a0-1122-g2a214b436d (webtiles) character file.

Game seed: 13075381981328023056

296 DasRunzen the Conjurer (level 5, -1/41 HPs)
             Began as a Demigod Conjurer on May 3, 2021.
             Slain by a gnoll
             ... wielding a +0 whip
              (6 damage)
             ... on level 2 of the Dungeon.
             The game lasted 00:04:06 (3089 turns).

DasRunzen the Conjurer (Demigod Conjurer)           Turns: 3089, Time: 00:04:06

Health: -1/41      AC:  3    Str: 12    XL:     5   Next: 87%
Magic:  2/12       EV: 12    Int: 20    God:
Gold:   83         SH:  0    Dex: 12    Spells: 6/9 levels left

rFire    . . .     SeeInvis .   b - +0 mace (elec)
rCold    . . .     Faith    .   (no shield)
rNeg     . . .     Spirit   .   a - +1 robe
rPois    .         Reflect  .   (no helmet)
rElec    .         Harm     .   (no cloak)
rCorr    .         Rampage  .   (no gloves)
Will     .....                  (no boots)
Stlth    ++........             (no amulet)
HPRegen  0.13/turn              (no ring)
MPRegen  0.13/turn              (no ring)

@: no status effects
A: high mp 1, forlorn
a: no special abilities


You were on level 2 of the Dungeon.
You visited 1 branch of the dungeon, and saw 3 of its levels.

You collected 83 gold pieces.

Inventory:

Hand Weapons
 b - a +0 mace of electrocution (weapon)
Armour
 a - a +1 robe (worn)
Wands
 h - a wand of digging (5)
Potions
 c - a potion of resistance
 d - 2 potions of curing
 e - a potion of lignification {unknown}
 f - 2 potions of attraction {unknown}
 g - a potion of heal wounds {unknown}


   Skills:
 + Level 2.2 Fighting
 + Level 2.2 Armour
 + Level 3.0 Dodging
 - Level 1.7 Stealth
 + Level 2.8 Spellcasting
 + Level 4.4 Conjurations


You had 6 spell levels left.
You knew the following spells:

 Your Spells              Type           Power      Damage    Failure   Level
a - Magic Dart            Conj           80%        1d7       2%          1
b - Searing Ray           Conj           40%        3d4       3%          2

Your spell library contained the following spells:

 Spells                   Type           Power      Damage    Failure   Level
 Sandblast                Erth           4%         2d4       14%         1
 Dazzling Flash           Conj/Hex       22%        N/A       17%         3
 Stone Arrow              Conj/Erth      22%        3d8       17%         3
 Passwall                 Tmut/Erth      1%         N/A       22%         2
 Fulminant Prism          Conj/Hex       5%         3d7       50%         4
 Iskenderun's Mystic Bla  Conj/Tloc      11%        2d4       50%         4
 Petrify                  Tmut/Erth      2%         N/A       82%         4
 Lee's Rapid Deconstruct  Erth           1%         3d5*      99%         5


Dungeon Overview and Level Annotations

Branches:
Dungeon (3/15)

Annotations:
D:3 Grinder


Innate Abilities, Weirdness & Mutations

Your attributes grow dramatically as you level up.
You have an increased reservoir of magic. (+10% MP)
You shall have no god before yourself.


Message History

Press: ? - help, Shift-Dir - straight line, f/p - Grinder
Aim: Grinder (almost dead, 100% to hit)
The magic dart hits Grinder.
Grinder is almost dead.
Casting: Magic Dart (safe; 2% risk of failure)
Confirm with . or Enter, or press ? or * to list all spells.
Aiming: Magic Dart (safe; 2% risk of failure)
Press: ? - help, Shift-Dir - straight line, f/p - Grinder
Aim: Grinder (almost dead, 100% to hit)
The magic dart hits Grinder.
Grinder is almost dead.
Grinder hits you!
You writhe in agony.
Unknown command.
You barely miss Grinder.
Grinder is almost dead.
Grinder hits you.
You writhe in agony.
You barely miss Grinder.
Grinder is almost dead.
Grinder hits you but does no damage. The gnoll closely misses you.
Grinder gestures at you. You resist with significant effort.
The gnoll misses you.
You hit Grinder.
Grinder is almost dead.
Grinder gestures at you. You resist with significant effort.
The gnoll hits you with a +0 whip!
You closely miss Grinder.
Grinder is almost dead.
Grinder blinks!
The gnoll hits you with a +0 whip. The gnoll hits you with a +0 whip.
* * * LOW HITPOINT WARNING * * *
You climb upwards.
There is a stone staircase leading down here.
You hit the gnoll but do no damage. The gnoll closely misses you. x2
You barely miss the gnoll. The gnoll closely misses you.
You hit the gnoll.
The gnoll is moderately wounded.
The gnoll hits you with a +0 whip.
* * * LOW HITPOINT WARNING * * *
The gnoll hits you with a +0 whip.
You die...

.##.......# #..# #.# #.
..........# ###..# #.# #.
.##.......# #....# #.# #.
.####...### #.##.# #.# #.
....)...#######..#># #.#
#. ...................#
#.# #.
.........##.###..#.#
######.###.
###....####.###..#.#
###..##..... # #.####
#.##.)@g.####_..##..### #
#.# #.##........#.#.....#
###.#####
#.##..##......#####.#
#.......###.##.........##
#.#
#.......##.#.#.###.....#
#.# #.......#.###..#
#[....# #.##
...........###.#####.###
#..# ...........##....#
#.# ##.#
#..........#.###.#
#.#########.#


You could see a gnoll.

Vanquished Creatures
  Sigmund (D:3)
  A hound (D:3)
  An orc wizard (D:3)
  2 gnolls
  An adder (D:2)
  A worm (D:2)
  2 dart slugs (D:1)
  2 orcs (D:3)
  2 bats (D:2)
  3 endoplasms (D:1)
  2 giant cockroaches (D:2)
  3 hobgoblins
  13 jackals
  2 quokkas
  3 ball pythons (D:1)
  2 frilled lizards (D:1)
  3 kobolds (D:1)
  5 rats
49 creatures vanquished.

Notes
Turn   | Place    | Note
-------+----------+-------------------------------------------
     0 | D:1      | DasRunzen the Demigod Conjurer began the quest for the Orb.
     0 | D:1      | Reached XP level 1. HP: 14/14 MP: 5/5
   469 | D:1      | Reached XP level 2. HP: 22/22 MP: 4/7
   472 | D:1      | Learned a level 2 spell: Searing Ray
  1639 | D:2      | Reached skill level 1 in Fighting
  1639 | D:2      | Reached skill level 1 in Armour
  1639 | D:2      | Reached XP level 3. HP: 28/28 MP: 3/8
  2515 | D:3      | Noticed Grinder
  2566 | D:3      | Reached skill level 4 in Conjurations
  2566 | D:3      | Reached XP level 4. HP: 28/35 MP: 5/10
  2669 | D:3      | Noticed Sigmund
  2675 | D:3      | Killed Sigmund
  2676 | D:3      | Reached XP level 5. HP: 37/41 MP: 2/12
  2804 | D:3      | Paralysed by Grinder for 4 turns
  3076 | D:3      | Paralysed by Grinder for 2 turns
  3089 | D:2      | Slain by a gnoll

Illustrated notes

Levels and vault maps discovered:
D:1:      sevenhm_arrival_forest_fort_small_4, layout_loops_corners
D:2:      layout_loops_ring, ebering_ecumenical_altar_rust
D:3:      layout_rooms, uniq_grinder, uniq_sigmund

Skill      XL: |  1  2  3  4 |
---------------+-------------+-----
Dodging        | 2 3 |  3.0
Spellcasting   | 2 |  2.8
Fighting       | 1 2 |  2.2
Armour         | 1 2 |  2.2
Conjurations   | 4 |  4.4
Stealth        | |  1.7

Action                   |  1- 3 |  4- 6 || total
-------------------------+-------+-------++-------
Melee: Mace              |    45 |    13 ||    58
 Cast: Magic Dart        |    50 |     3 ||    53
       Searing Ray       |     5 |     6 ||    11
  Use: Scroll            |     8 |       ||     8
 Stab: Sleeping          |     1 |       ||     1
Armor: Robe              |     8 |     2 ||    10
Dodge: Dodged            |    42 |    10 ||    52

Table legend: (Time is in decaauts)
 A = Elapsed time spent in this place.
 B = Non-inter-level travel time spent in this place.
 C = Inter-level travel time spent in this place.
 D = Time resting spent in this place.
 E = Time spent auto-exploring this place.
 F = Levels seen in this place.
 G = Mean time per level.
                   A        B        C        D        E       F      G
               +--------+--------+--------+--------+--------+-----+--------+
         Total |   3113 |   3089 |     24 |    322 |   2464 |   3 | 1037.7 |
       Dungeon |   3113 |   3089 |     24 |    322 |   2464 |   3 | 1037.7 |
               +--------+--------+--------+--------+--------+-----+--------+

Top non-repeatable levels by time:
     D:1: 1493 daAuts
     D:2: 1334 daAuts
     D:3: 285 daAuts
